 Dungeon Crawl Stone Soup version 0.26.0-18-gc5c842f807 (webtiles) character file.

Game seed: 8218110864079319187

41 kaeus the Firebug (level 3, 0/19 HPs)
             Began as a Gargoyle Fire Elementalist on Jan 23, 2021.
             Slain by a hobgoblin (2 damage)
             ... led by Robin
             ... on level 1 of the Dungeon.
             The game lasted 00:01:09 (1744 turns).

kaeus the Firebug (Gargoyle Fire Elementalist)      Turns: 1744, Time: 00:01:10

Health: 0/19       AC:  5    Str: 11    XL:     3   Next: 52%
Magic:  6/6        EV: 12    Int: 16    God:
Gold:   75         SH:  0    Dex: 10    Spells: 5/6 levels left

rFire    . . .     SeeInvis .   b - +0 whip
rCold    . . .     Faith    .   (no shield)
rNeg     + . .     Spirit   .   a - +0 robe
rPois    ∞         Reflect  .   (no helmet)
rElec    +         Harm     .   (no cloak)
rCorr    .         Rampage  .   (no gloves)
Will     .....                  (no boots)
Stlth    ++........             (no amulet)
HPRegen  0.06/turn              (no ring)
MPRegen  0.10/turn              (no ring)

@: no status effects
A: negative energy resistance 1, electricity resistance, unbreathing,
petrification resistance, miasma immunity, AC +3
a: no special abilities


You were on level 1 of the Dungeon.
You visited 1 branch of the dungeon, and saw 2 of its levels.

You collected 75 gold pieces.

Inventory:

Hand Weapons
 b - a +0 whip (weapon)
Armour
 a - a +0 robe (worn)
Scrolls
 c - a scroll of identify {unknown}
 e - a scroll of enchant weapon {unknown}
 g - a scroll of remove curse
Potions
 d - a potion of cancellation {unknown}
 f - a potion of invisibility {unknown}
 h - 2 potions of brilliance {unknown}


   Skills:
 - Level 1.5 Dodging
 - Level 2.1 Stealth
 + Level 2.4 Spellcasting
 + Level 1.9 Conjurations
 * Level 3.8 Fire Magic


You had 5 spell levels left.
You knew the following spells:

 Your Spells              Type           Power        Failure   Level
a - Foxfire               Conj/Fire      44%          6%          1

Your spell library contained the following spells:

 Spells                   Type           Power        Failure   Level
 Conjure Flame            Conj/Fire      11%          19%         3
 Inner Flame              Hex/Fire       8%           26%         3
 Sticky Flame             Conj/Fire      11%          52%         4
 Fireball                 Conj/Fire      5%           86%         5


Dungeon Overview and Level Annotations

Branches:
Dungeon (2/15)

Altars:


Innate Abilities, Weirdness & Mutations

You are resistant to torment.
Your stone body is resilient. (AC +3)
You are immune to poison.
You resist negative energy. (rN+)
You are resistant to electric shocks. (rElec)
You can survive without breathing.
You are immune to petrification.
You are immune to miasma.


Message History

You start waiting.
Done waiting.
There is a stone staircase leading down here.
You climb downwards.
The hobgoblin barely misses you. The goblin completely misses you.
The hobgoblin barely misses you.
There is a stone staircase leading up here.
The goblin hits you with a +0 club. x2; The hobgoblin closely misses you.
The phantom hits you!
The phantom blinks!
You climb upwards.
There is a stone staircase leading down here.
You take 12 damage, and have 7/19 hp.
MASSIVE DAMAGE!!
You hit the phantom.
The phantom is lightly damaged.
The goblin barely misses you. The phantom hits you.
* * * LOW HITPOINT WARNING * * *
The phantom blinks!
You take 5 damage, and have 2/19 hp.
MASSIVE DAMAGE!!
The goblin closely misses you. The goblin hits you but does no damage.
The hobgoblin hits you.
You die...

#....#.......................
####.........##.................
#.........#..##......)#.....#...
#=........'.....#####.#.###.#†##
#.........#...#.# #.#.....#...
#.........#.#.#.# ##.####..####
#.........#.#)..# #............
#.........#W..gg# #..##########
#.........####g@# #........#
########### ##># #......#.# ###
######.#.# #.#.# #.#.# #.#.#
#.#.# #.#.# #.#.#


You could see a phantom, a hobgoblin and 2 goblins.

Vanquished Creatures
  A gnoll (D:1)
  An ooze (D:1)
  2 dart slugs (D:1)
  3 goblins (D:1)
  A hobgoblin (D:1)
  4 jackals (D:1)
  4 bats (D:1)
  5 kobolds
  3 rats
24 creatures vanquished.

Vanquished Creatures (collateral kills)
  A foxfire (D:2)
1 creature vanquished.

Vanquished Creatures (others)
  79 foxfires
  3 plants (D:2)
82 creatures vanquished.

Grand Total: 107 creatures vanquished

Notes
Turn   | Place    | Note
-------+----------+-------------------------------------------
     0 | D:1      | kaeus the Gargoyle Fire Elementalist began the quest for
                  | the Orb.
     0 | D:1      | Reached XP level 1. HP: 10/10 MP: 3/3
    67 | D:1      | Reached XP level 2. HP: 15/15 MP: 1/5
   559 | D:1      | Reached XP level 3. HP: 19/19 MP: 3/6
  1205 | D:2      | Noticed a phantom
  1744 | D:1      | Slain by a hobgoblin

Illustrated notes

Levels and vault maps discovered:
D:1:      wander_arrival_estate, layout_basic, amcnicky_mini_pool_small
D:2:      layout_rooms, serial_forest, infiniplex_forest_clump_tiny,
          infiniplex_forest_clump_C, infiniplex_forest_clump_small,
          infiniplex_forest_clump_small, infiniplex_forest_clump_long,
          infiniplex_forest_clump_medium, infiniplex_forest_lined_corner,
          infiniplex_forest_clump_double, uniq_robin

Action                   || total
-------------------------++-------
Melee: Whip              ||    39
 Cast: Foxfire           ||    58
  Use: Scroll            ||     1
Armor: Robe              ||    11
Dodge: Dodged            ||    27
